 Dungeon Crawl Stone Soup version 0.29-a0-557-g43b9904bd1 (webtiles) character file.

Game seed: 10321839109031943263

1008 siradein the Cutter (level 8, -2/93 HPs)
             Began as a Vampire Berserker on June 8, 2022.
             Was a Priest of Trog.
             Slain by a two-headed ogre
             ... wielding a +0 giant club
              (11 damage)
             ... on level 5 of the Dungeon.
             The game lasted 00:11:16 (4288 turns).

siradein the Cutter (Vampire Berserker)             Turns: 4288, Time: 00:11:16

Health: -2/93      AC: 10    Str: 16    XL:     8   Next: 1%
Magic:  8/8        EV:  9    Int:  9    God:    Trog [***...]
Gold:   171        SH:  0    Dex: 22    Spells: 7/7 levels left

rFire   . . .      SeeInvis +   u - +2 rapier (venom)
rCold   . . .      Faith    .   (no shield)
rNeg    . . .      Spirit   .   n - +0 chain mail
rPois   .          Reflect  .   l - +0 helmet
rElec   .          Harm     .   (no cloak)
rCorr   .          Rampage  .   (no gloves)
Will    .....                   (no boots)
Stlth   ..........              (no amulet)
HPRegen 0.45/turn               d - +6 ring of dexterity
MPRegen 0.11/turn               (no ring)

@: berserking, healing quickly, very quick
A: alive, fangs 3, see invisible, vampiric 2
a: Exsanguinate, Renounce Religion, Berserk, Trog's Hand


You were on level 5 of the Dungeon.
You worshipped Trog.
Trog was most pleased with you.
You visited 1 branch of the dungeon, and saw 5 of its levels.

You collected 171 gold pieces.

Inventory:

Hand Weapons
 u - a +2 rapier of venom (weapon)
Armour
 l - a +0 helmet (worn)
 n - a +0 chain mail (worn)
Jewellery
 d - a +6 ring of dexterity (left hand)
Wands
 b - a wand of flame (10)
 q - a wand of digging (6)
 x - a wand of paralysis (3)
Scrolls
 a - 2 scrolls of enchant armour {unknown}
 c - 4 scrolls of teleportation {unknown}
 g - 2 scrolls of fog
 k - a scroll of torment {unknown}
 o - a scroll of summoning
 p - a scroll of amnesia {unknown}
 t - a scroll of brand weapon {unknown}
 w - a scroll of silence {unknown}
 y - a scroll of fear {unknown}
Potions
 e - a potion of brilliance {unknown}
 f - 5 potions of heal wounds
 h - a potion of lignification {unknown}
 i - a potion of mutation {unknown}
 j - 2 potions of curing {unknown}
 m - a potion of berserk rage {unknown}
 r - a potion of invisibility {unknown}
 s - a potion of might {unknown}
 v - a potion of haste {unknown}


   Skills:
 + Level 5.0 Fighting
 + Level 6.0 Short Blades
 + Level 4.1 Armour
 + Level 5.4 Dodging


You had 7 spell levels left.
You didn't know any spells.
Your spell library was empty.

Dungeon Overview and Level Annotations

Branches:
Dungeon (5/15)
 Temple: D:4-7

Altars:
Gozag
Makhleb
Okawaru
Sif Muna
Uskayaw
Zin

Shops:
D:1 [

Annotations:
D:5 1 runed translucent door, quinnr's ghost, novice TeAE


Innate Abilities, Weirdness & Mutations

Your natural rate of healing is accelerated.
You have razor-sharp teeth.
You have supernaturally acute eyesight. (SInv)
You are afflicted with vampirism and can become a bat while bloodless.


Message History

A two-headed ogre comes into view.
It is wielding a +0 giant club and a +0 giant spiked club.
There are monsters nearby!
There are monsters nearby!
There are monsters nearby!
An ufetubus comes into view.
The hound closely misses you.
You hit the hound but do no damage.
The hound is poisoned.
You bite the hound.
The hound is lightly wounded.
The hound bites you but does no damage. x2
You hit the hound.
The hound looks as sick as possible!
You bite the hound.
The hound is severely wounded.
The hound bites you but does no damage.
You hit the hound.
You kill the hound!
Trog accepts your kill.
Your Fighting skill increases to level 5!
You have reached level 8!
You puncture the ufetubus!
You kill the ufetubus!
Trog accepts your kill.
No target in view!
A red film seems to cover your vision as you go berserk!
You feel yourself moving faster!
You feel mighty!
The two-headed ogre hits you with a +0 giant club!!
The two-headed ogre hits you with a +0 giant spiked club!!
You are too injured to fight recklessly!
You are too injured to fight recklessly!
You are too injured to fight recklessly!
You are too injured to fight recklessly!
You are too injured to fight recklessly!
You barely miss the two-headed ogre. You puncture the two-headed ogre!
The two-headed ogre is poisoned.
You bite the two-headed ogre!
The two-headed ogre is heavily wounded.
You barely miss the two-headed ogre.
The two-headed ogre is heavily wounded.
The two-headed ogre hits you with a +0 giant club!!!
* * * LOW HITPOINT WARNING * * *
The two-headed ogre hits you with a +0 giant spiked club!
You die...

.... #...............# # ....#
#.......(.......# # #.O###
#...............# #
##...#######...............#
#...5...(.................## #
#..###..O.###.###........######
#. ####.#.....#....>......##.
#. #.#.....#..)...###..... #
#....O@.......## ##....
####.#...>.#....## ##.....
####....#.....#..### ##......
#.......###.###.## ##.......
....###.........# ##........
.#######..#..#### #.........
#......#.## ##.........
###.####...# ##.....).... #...#
#..## #...........


You could see a two-headed ogre (very poisoned).

Vanquished Creatures
  Eustachio (D:3)
  An ice beast (D:5)
  An ogre (D:4)
  2 scorpions (D:4)
  A gnoll sergeant (D:3)
  A jelly (D:4)
  3 hounds
  2 iguanas
  Jessica (D:2)
  Ijyb (D:3)
  2 orc wizards
  Robin (D:2)
  5 gnolls
  7 adders
  An ufetubus (D:5)
  A worm (D:4)
  A dart slug (D:1)
  12 orcs
  7 ball pythons
  5 bats
  7 endoplasms
  2 giant cockroaches
  9 goblins
  10 hobgoblins
  7 jackals
  7 kobolds
  4 quokkas
  2 rats
104 creatures vanquished.

Vanquished Creatures (others)
  2 plants (D:1)
2 creatures vanquished.

Grand Total: 106 creatures vanquished

Notes
Turn   | Place    | Note
-------+----------+-------------------------------------------
     0 | D:1      | siradein the Vampire Berserker began the quest for the Orb.
     0 | D:1      | Reached XP level 1. HP: 17/17 MP: 1/1
    85 | D:1      | Reached XP level 2. HP: 14/23 MP: 2/2
   265 | D:1      | Found a faded altar of an unknown god.
   276 | D:1      | Found Vore's Antique Armour Shoppe.
   482 | D:1      | Gained mutation: You are afflicted with vampirism and can
                  | become a bat while bloodless. [Vampire growth]
   482 | D:1      | Reached XP level 3. HP: 25/29 MP: 3/3
   930 | D:2      | Reached ** piety under Trog
  1070 | D:2      | Noticed Robin
  1092 | D:2      | Killed Robin
  1099 | D:2      | Reached skill level 4 in Short Blades
  1099 | D:2      | Reached XP level 4. HP: 26/35 MP: 4/4
  1551 | D:2      | Noticed Jessica
  1558 | D:2      | Killed Jessica
  1932 | D:3      | Reached XP level 5. HP: 35/41 MP: 5/5
  1951 | D:3      | Noticed Ijyb
  1977 | D:3      | Killed Ijyb
  2681 | D:4      | Reached *** piety under Trog
  2795 | D:4      | Noticed a +0 hand axe
  2796 | D:4      | Noticed a +0 dagger
  2800 | D:4      | Found a hide-covered altar of Uskayaw.
  2824 | D:4      | Noticed Eustachio
  2861 | D:3      | Reached XP level 6. HP: 48/48 MP: 6/6
  2938 | D:3      | Killed Eustachio
  2939 | D:3      | Reached skill level 5 in Short Blades
  2944 | D:3      | HP: 1/48 [poisoned by Eustachio]
  3077 | D:4      | Reached XP level 7. HP: 40/54 MP: 7/7
  3306 | D:4      | Found a burning altar of Makhleb.
  3437 | D:4      | Found an iron altar of Okawaru.
  3438 | D:4      | Found a shimmering blue altar of Sif Muna.
  3584 | D:4      | Found an opulent altar of Gozag.
  3718 | D:5      | Entered Level 5 of the Dungeon
  3782 | D:5      | Reached skill level 5 in Dodging
  3820 | D:5      | Found a runed translucent door.
  3820 | D:5      | Noticed quinnr's ghost (novice TeAE)
  4214 | D:5      | Reached skill level 6 in Short Blades
  4267 | D:5      | Noticed a two-headed ogre
  4277 | D:5      | Reached skill level 5 in Fighting
  4277 | D:5      | Reached XP level 8. HP: 62/62 MP: 8/8
  4288 | D:5      | Slain by a two-headed ogre

Illustrated notes

Levels and vault maps discovered:
D:1:      noname_arrival_rooms_in_the_neighbourhood, layout_rooms, serial_shops,
          nicolae_shop_crystal, hellmonk_ecumenical_altar_run_dry, serial_bayou,
          serial_bayou_shore_b, serial_bayou_shore_a, serial_bayou_shore_b,
          serial_bayou_pond_d
D:2:      layout_basic, uniq_jessica, uniq_robin
D:3:      layout_basic, uniq_ijyb
D:4:      layout_cave_pools, bloody_makhleb, gammafunk_temple_overflow_pools,
          dancing_weapons_uskayaw,
          pdpol_temple_overflow_zin_treasury_gozag_greed, uniq_eustachio
D:5:      cheibrodos_fzero, layout_cave_pods, lemuel_coloured_pillars_altar,
          old_standard_altar, ebering_ghost_sewer_d, st_stairs_3

Skill      XL: |  1  2  3  4  5  6  7 |
---------------+----------------------+-----
Fighting       | 3 4 5 |  5.0
Armour         | 2 3 4 |  4.1
Short Blades   | 4 5 6 |  6.0
Dodging        | 3 4 5 |  5.4

Action                   |  1- 3 |  4- 6 |  7- 9 || total
-------------------------+-------+-------+-------++-------
Melee: Short sword       |   101 |   194 |       ||   295
       Bite              |     9 |    30 |    18 ||    57
       Punch             |     1 |     6 |     3 ||    10
       Rapier            |       |     9 |    86 ||    95
Invok: Berserk           |     1 |     3 |     1 ||     5
  Use: Scroll            |       |     3 |       ||     3
 Stab: Sleeping          |     4 |     3 |       ||     7
Armor: Animal skin       |    18 |     1 |       ||    19
       Leather armour    |       |     8 |       ||     8
       Chain mail        |       |    53 |    43 ||    96
       Scale mail        |       |    15 |       ||    15
Dodge: Dodged            |    60 |    99 |    30 ||   189

Table legend: (Time is in decaauts)
 A = Elapsed time spent in this place.
 B = Non-inter-level travel time spent in this place.
 C = Inter-level travel time spent in this place.
 D = Time resting spent in this place.
 E = Time spent auto-exploring this place.
 F = Levels seen in this place.
 G = Mean time per level.
                   A        B        C        D        E       F      G
               +--------+--------+--------+--------+--------+-----+--------+
         Total |   4312 |   4242 |     70 |    496 |   2704 |   5 |  862.4 |
       Dungeon |   4312 |   4242 |     70 |    496 |   2704 |   5 |  862.4 |
               +--------+--------+--------+--------+--------+-----+--------+

Top non-repeatable levels by time:
     D:3: 1289 daAuts
     D:4: 1023 daAuts
     D:2: 868 daAuts
     D:1: 791 daAuts
     D:5: 339 daAuts
